 Dungeon Crawl Stone Soup version 0.30-a0-1164-ge08a67761e (webtiles) character file.

Game seed: 561588428976964395

719 Sobieck the Stinger (level 7, -7/40 HPs)
             Began as a Deep Elf Venom Mage on Apr 29, 2023.
             Splashed by a jelly's acid (10 damage)
             ... on level 4 of the Dungeon.
             The game lasted 00:13:06 (6062 turns).

Sobieck the Stinger (Deep Elf Venom Mage)           Turns: 6062, Time: 00:13:07

Health: -7/40      AC:  3    Str:  5    XL:     7   Next: 42%
Magic:  12/13      EV: 12    Int: 22    God:
Gold:   229        SH:  0    Dex: 15    Spells: 2/12 levels left

rFire   . . .        a - +2 war axe (flame) {axe}
rCold   . . .        (no shield)
rNeg    + . .        F - +0 robe
rPois   .            (no helmet)
rElec   .            (no cloak)
rCorr   .            d - +0 pair of gloves
SInv    .            (no boots)
Will    .....        (no amulet)
Stlth   +++          q - ring of positive energy
HPRegen 0.26/turn    (no ring)
MPRegen 0.13/turn

%: no passive effects
@: no status effects
A: no striking features
a: no special abilities


You were on level 4 of the Dungeon.
You visited 1 branch of the dungeon, and saw 5 of its levels.

You collected 229 gold pieces.


   Skills:
 - Level 2.0 Fighting
 - Level 2.4 Dodging
 - Level 6.0 Stealth
 - Level 3.0 Spellcasting
 - Level 2.0 Conjurations
 - Level 1.1 Transmutations
 - Level 2.0 Air Magic
 + Level 7.0 Poison Magic


You had 2 spell levels left.
You knew the following spells:

 Your Spells              Type           Power      Damage    Failure   Level
a - Sting                 Tmut/Pois      84%        1d7       2%          1
b - Poisonous Vapours     Pois/Air       46%        N/A       3%          2
c - Mephitic Cloud        Conj/Pois/Air  19%        N/A       9%          3
d - Olgreb's Toxic Radia  Pois           34%        N/A       7%          4

Your spell library contained the following spells:

 Spells                   Type           Power      Damage    Failure   Level
 Freeze                   Ice            12%        1d3       12%         1
 Slow                     Hex            12%        N/A       12%         1
 Summon Small Mammal      Summ           12%        N/A       12%         1
 Hailstorm                Conj/Ice       7%         3d4       24%         3
 Call Canine Familiar     Summ           3%         N/A       36%         3
 Confusing Touch          Hex            3%         N/A       36%         3
 Frozen Ramparts          Ice            6%         1d1       36%         3
 Summon Guardian Golem    Hex/Summ       3%         N/A       36%         3
 Vampiric Draining        Necr           3%         2d6       36%         3

Inventory:

Hand Weapons
 a - a +2 war axe of flaming (weapon) {axe}
   (You took it off an orc on level 4 of the Dungeon)
 e - a +0 club {mace}
   (You took it off a goblin on level 1 of the Dungeon)
 f - a +0 short sword {short}
   (You found it on level 1 of the Dungeon)
 B - a +2 dagger of venom {short}
   (You found it on level 3 of the Dungeon)
Missiles
 i - 14 stones {throwing}
 r - 6 boomerangs {throwing}
Armour
 d - a +0 pair of gloves (worn)
   (You found it on level 1 of the Dungeon)
 h - a +0 scale mail
   (You found it on level 1 of the Dungeon)
 j - a +0 robe
   (You found it on level 1 of the Dungeon)
 k - a +0 leather armour
   (You found it on level 1 of the Dungeon)
 m - a +0 buckler
   (You found it on level 1 of the Dungeon)
 p - a +0 robe
   (You found it on level 2 of the Dungeon)
 t - a +0 robe
   (You took it off a hobgoblin on level 2 of the Dungeon)
 A - a +0 robe
   (You took it off an orc wizard on level 2 of the Dungeon)
 F - a +0 robe (worn)
 H - a +0 chain mail
   (You found it on level 4 of the Dungeon)
 J - a +0 robe
   (You took it off an orc wizard on level 4 of the Dungeon)
 K - a +0 scale mail
   (You took it off an orc on level 4 of the Dungeon)
 L - a +0 robe
   (You took it off Blork the orc on level 4 of the Dungeon)
 M - a +0 leather armour
   (You took it off an orc priest on level 4 of the Dungeon)
 N - a +2 ring mail of cold resistance
   (You took it off an orc priest on level 4 of the Dungeon)
 P - a +0 ring mail
   (You found it on level 5 of the Dungeon)
Jewellery
 q - a ring of positive energy (left hand)
   (You found it on level 2 of the Dungeon)
Scrolls
 n - a scroll of teleportation {unknown}
 s - 4 scrolls of amnesia {unknown}
 u - a scroll of brand weapon {unknown}
 v - a scroll of poison {unknown}
 w - 6 scrolls of identify {unknown}
 y - a scroll of magic mapping {unknown}
 z - 2 scrolls of torment {unknown}
 E - a scroll of butterflies {unknown}
 G - a scroll of silence {unknown}
 I - a scroll of fog {unknown}
Potions
 b - a potion of magic
 c - 5 potions of curing {@q1}
 g - 2 potions of heal wounds {unknown}
 l - 2 potions of flight {unknown}
 o - a potion of haste {unknown}
 x - a potion of mutation {unknown}
 C - a potion of resistance {unknown}
 D - 2 potions of attraction {unknown}
 O - a potion of might {unknown}

Dungeon Overview and Level Annotations

Branches:
Dungeon (5/15) Zot: 23918
 Temple: D:4-7

Altars:
Ashenzari
Kikubaaqudgha
Makhleb

Annotations:
D:5 Menkaure

######## #......#
#.####.# ### #.# #.#
#.###.####.# ########
.#.......#.###......#
#.###.#........5J.#.#
### #......###.#@##.#
#.#....# #.#.##.#
#......# #.#.##.#
####.### #.#.##.# #.#
#.#.##.# ##'##
#.#.##.# ##...##
#......#
##.....#####.##.## #
##.......## #.#...#


You could see a jelly and an ufetubus.


Message History

Done exploring.
Casting: Olgreb's Toxic Radiance (quite dangerous; 8% risk of failure)
Confirm with . or Enter, or press ? or * to list all spells.
Okay, then.
Unknown command.
Unknown command.
You can't go down here!
(D) Dungeon
Where to? (Enter - D:4, ? - help)
There is a stone staircase leading down here.
You climb downwards.
There is a stone staircase leading up here.
Unknown command.
Unknown command.
Unknown command.
Found a stone staircase leading down.
Unknown command.
O - a ruby potion Unknown command.
You open the door.
A scorpion comes into view.
There is an open door here.
Danger!
Casting: Olgreb's Toxic Radiance (quite dangerous; 8% risk of failure)
Confirm with . or Enter, or press ? or * to list all spells.
Aiming: Poisonous Vapours (safe; 3% risk of failure)
Press: ? - help, Dir - move target, f - scorpion
Aim: a scorpion (asleep) Poisonous vapours surround the scorpion!
The scorpion is poisoned.
Danger!
You feel a bit more experienced.
Your Poison Magic skill increases to level 7!
You start resting.
Unknown command.
There is an open door here.
P - a +0 ring mail You see here a scorpion corpse.
A sourceless malevolence fills the Dungeon...
With a horrendous wail, an alarm goes off!
A sentinel's mark forms upon you.
You hear an angry hiss.
You hear a shout! x2; You hear an angry hiss.
You hear a shout!
An adder comes into view.
Danger!
You see here a scorpion corpse.
There is an open door here.
Casting: Poisonous Vapours (safe; 3% risk of failure)
Confirm with . or Enter, or press ? or * to list all spells.
The spell is quite dangerous to miscast (7% risk of failure)!
Continue anyway? [Y]es or [N]o only, please.
The spell is quite dangerous to miscast (7% risk of failure)!
Continue anyway?
You begin to radiate toxic energy.
The adder is poisoned.
The adder looks even sicker.
An ufetubus comes into view.
Unknown command.
You kill the adder!
Your toxic aura wanes.
You hear a distant slurping noise.
Unknown command.
Danger!
You hear a distant slurping noise.
Menkaure, Prince of Dust comes into view.
You hear a distant slurping noise.
The ufetubus barely misses you. x2
Unknown command.
The ufetubus hits you but does no damage.
The ufetubus hits you.
Menkaure calls on the powers of darkness!
Your body is wracked with pain!
A jelly comes into view.
The ufetubus hits you. x2
* * * LOW HITPOINT WARNING * * *
Menkaure blazes with dark energy!
The ufetubus hits you.
* * * LOW HITPOINT WARNING * * *
The ufetubus misses you. The jelly completely misses you.
There is a stone staircase leading up here.
Unknown command.
The ufetubus hits you.
* * * LOW HITPOINT WARNING * * *
The ufetubus hits you.
* * * LOW HITPOINT WARNING * * *
Menkaure calls on the powers of darkness!
Your body is wracked with pain!
* * * LOW HITPOINT WARNING * * *
The jelly convulses!
The jelly hits you but does no damage.
You climb upwards.
There is a stone staircase leading down here.
Unknown command.
Unknown command.
The jelly attacks as you move away! The jelly closely misses you.
The sentinel's mark upon you fades away.
The ufetubus hits you.
* * * LOW HITPOINT WARNING * * *
The ufetubus closely misses you. The jelly attacks as you move away!
The jelly hits you.
* * * LOW HITPOINT WARNING * * *
You are splashed with acid!
You die...

Skill      XL: |  1  2  3  4  5  6  7 |
---------------+----------------------+-----
Conjurations   | 1 2 |  2.0
Air Magic      | 1 2 |  2.0
Stealth        | 3 4 5 6 |  6.0
Fighting       | 1 2 |  2.0
Poison Magic   | 4 5 7 |  7.0
Dodging        | |  2.4
Spellcasting   | |  3.0
Transmutations | |  1.1

Action                     |  1- 3 |  4- 6 |  7- 9 || total
---------------------------+-------+-------+-------++-------
  Melee: Short sword       |     7 |     6 |       ||    13
         Dagger            |       |    32 |       ||    32
         War axe           |       |    27 |     8 ||    35
   Cast: Sting             |    64 |   107 |     2 ||   173
         Poisonous Vapours |     6 |    29 |     1 ||    36
         Mephitic Cloud    |       |     3 |     2 ||     5
         Olgreb's Toxic Ra |       |     1 |     2 ||     3
   Stab: Sleeping          |     1 |     1 |       ||     2
         Distracted        |       |     1 |       ||     1
 Armour: Robe              |     9 |    33 |     2 ||    44
  Dodge: Dodged            |    34 |    75 |    12 ||   121

Levels and vault maps discovered:
D:1:      tekkud_arrival_beachfront_property, layout_basic
D:2:      layout_basic, basic_altar, shapermc_ecumenical_altar_mp_urbaneastern,
          grunt_ministairs_15, uniq_natasha
D:3:      layout_loops_ring, makhleb_altar_promises_db
D:4:      layout_loops_corners, mainiacjoe_overflow_boulevard,
          uniq_blork_the_orc
D:5:      layout_basic, mainiacjoe_overflow_tiny_flanked, uniq_menkaure

Notes
Turn   | Place    | Note
-------+----------+-------------------------------------------
     0 | D:1      | Sobieck the Deep Elf Venom Mage began the quest for the
                  | Orb.
     0 | D:1      | Reached XP level 1. HP: 10/10 MP: 6/6
   427 | D:1      | Reached XP level 2. HP: 16/16 MP: 6/8
   810 | D:1      | Reached skill level 1 in Conjurations
   814 | D:1      | Learned a level 2 spell: Poisonous Vapours
   990 | D:1      | You pick up a book of Callings and begin reading...
   990 | D:1      | You add the spells Summon Small Mammal, Call Canine
                  | Familiar and Summon Guardian Golem to your library.
  1018 | D:1      | Reached skill level 1 in Air Magic
  1157 | D:1      | Reached skill level 3 in Stealth
  1432 | D:2      | Reached XP level 3. HP: 20/20 MP: 6/9
  1728 | D:2      | Reached skill level 1 in Fighting
  1923 | D:2      | Reached XP level 4. HP: 15/25 MP: 5/10
  2018 | D:2      | You pick up a book of Debilitation and begin reading...
  2018 | D:2      | You add the spells Slow, Vampiric Draining and Confusing
                  | Touch to your library.
  2029 | D:2      | Learned a level 3 spell: Mephitic Cloud
  2202 | D:2      | Found a broken altar of Ashenzari.
  2519 | D:2      | Found a faded altar of an unknown god.
  2746 | D:2      | Reached skill level 4 in Poison Magic
  2820 | D:2      | Reached skill level 2 in Conjurations
  2905 | D:2      | Noticed Natasha
  2910 | D:2      | Killed Natasha
  2911 | D:2      | Reached skill level 4 in Stealth
  2911 | D:2      | Reached skill level 2 in Air Magic
  2911 | D:2      | Reached XP level 5. HP: 29/29 MP: 1/11
  2950 | D:2      | Noticed Natasha
  3016 | D:2      | Killed Natasha
  3046 | D:2      | Noticed Natasha
  3055 | D:2      | Killed Natasha
  3056 | D:2      | Reached skill level 2 in Fighting
  3272 | D:2      | Reached skill level 5 in Stealth
  3514 | D:3      | Found a burning altar of Makhleb.
  3514 | D:3      | Noticed an Executioner
  3597 | D:3      | You pick up a book of Frost and begin reading...
  3597 | D:3      | You add the spells Freeze, Frozen Ramparts and Hailstorm to
                  | your library.
  3863 | D:3      | Reached XP level 6. HP: 31/35 MP: 6/12
  4402 | D:4      | Found an ancient bone altar of Kikubaaqudgha.
  4674 | D:4      | Reached skill level 6 in Stealth
  4936 | D:4      | HP: 8/35 [phantom (7)]
  5078 | D:4      | Reached skill level 5 in Poison Magic
  5083 | D:4      | Learned a level 4 spell: Olgreb's Toxic Radiance
  5400 | D:4      | Noticed Blork the orc
  5425 | D:4      | Killed Blork the orc
  5426 | D:4      | Reached XP level 7. HP: 40/40 MP: 1/13
  5563 | D:4      | Reached skill level 6 in Poison Magic
  5966 | D:5      | Entered Level 5 of the Dungeon
  6001 | D:5      | Reached skill level 7 in Poison Magic
  6051 | D:5      | Noticed Menkaure
  6059 | D:5      | HP: 10/40 [ufetubus (4)]
  6062 | D:4      | HP: 3/40 [jelly (2)]
  6062 | D:4      | Splashed by a jelly's acid

Vanquished Creatures
  2 phantoms (D:4)
  Blork the orc (D:4)
  A scorpion (D:5)
  2 orc priests (D:4)
  Natasha (thrice) (D:2)
  An iguana (D:4)
  2 orc wizards
  12 adders
  3 gnolls (D:2)
  2 ufetubi (D:4)
  10 orcs
  2 bats (D:2)
  6 endoplasms
  6 giant cockroaches
  8 goblins
  6 hobgoblins
  9 jackals
  3 quokkas
  12 ball pythons
  3 frilled lizards
  4 kobolds
  2 rats (D:3)
100 creatures vanquished.

Vanquished Creatures (others)
  9 fungi
  5 plants (D:2)
14 creatures vanquished.

Grand Total: 114 creatures vanquished

Table legend:
 A = Non-vault XP
 B = Vault XP
 C = Vault XP percentage of total XP
 D = Non-vault monster count
 E = Vault monster count
 F = Vault count percentage of total count
                 A         B        C        D         E       F
            +---------+---------+-------+---------+---------+-------
      Total |     883 |     145 |  14.1 |      96 |       4 |   4.0
            +---------+---------+-------+---------+---------+-------
        D:1 |      40 |       0 |   0.0 |      23 |       0 |   0.0
        D:2 |     233 |      51 |  18.0 |      22 |       3 |  12.0
        D:3 |      61 |       0 |   0.0 |      15 |       0 |   0.0
        D:4 |     461 |      94 |  16.9 |      34 |       1 |   2.9
        D:5 |      88 |       0 |   0.0 |       2 |       0 |   0.0
            +---------+---------+-------+---------+---------+-------

Skill      XL: |  1  2  3  4  5  6  7 |
---------------+----------------------+-----
Conjurations   | 1 2 |  2.0
Air Magic      | 1 2 |  2.0
Stealth        | 3 4 5 6 |  6.0
Fighting       | 1 2 |  2.0
Poison Magic   | 4 5 7 |  7.0
Dodging        | |  2.4
Spellcasting   | |  3.0
Transmutations | |  1.1

Action                     |  1- 3 |  4- 6 |  7- 9 || total
---------------------------+-------+-------+-------++-------
  Melee: Short sword       |     7 |     6 |       ||    13
         Dagger            |       |    32 |       ||    32
         War axe           |       |    27 |     8 ||    35
   Cast: Sting             |    64 |   107 |     2 ||   173
         Poisonous Vapours |     6 |    29 |     1 ||    36
         Mephitic Cloud    |       |     3 |     2 ||     5
         Olgreb's Toxic Ra |       |     1 |     2 ||     3
   Stab: Sleeping          |     1 |     1 |       ||     2
         Distracted        |       |     1 |       ||     1
 Armour: Robe              |     9 |    33 |     2 ||    44
  Dodge: Dodged            |    34 |    75 |    12 ||   121

Illustrated notes

Table legend:
 A = Kills in this place as a percentage of kills in the entire game.
 B = Kills by you in this place as a percentage of kills by you in the entire game.
 C = Kills by friends in this place as a percentage of kills by friends in the entire game.
 D = Other kills in this place as a percentage of other kills in the entire game.
 E = Experience gained in this place as a percentage of experience gained in the entire game.
 F = Experience gained in this place divided by the number of levels of this place that you have seen.
                   A       B       C       D       E      F
               +-------+-------+-------+-------+-------+----------------------
         Total | 100.0 | 100.0 |   N/A |   N/A | 100.0 | 205.6
       Dungeon | 100.0 | 100.0 |   N/A |   N/A | 100.0 | 205.6
               +-------+-------+-------+-------+-------+----------------------

Table legend: (Time is in decaauts)
 A = Elapsed time spent in this place.
 B = Non-inter-level travel time spent in this place.
 C = Inter-level travel time spent in this place.
 D = Time resting spent in this place.
 E = Time spent auto-exploring this place.
 F = Levels seen in this place.
 G = Mean time per level.
                   A        B        C        D        E       F      G
               +--------+--------+--------+--------+--------+-----+--------+
         Total |   6081 |   5994 |     87 |   1243 |   3778 |   5 | 1216.2 |
       Dungeon |   6081 |   5994 |     87 |   1243 |   3778 |   5 | 1216.2 |
               +--------+--------+--------+--------+--------+-----+--------+

Top non-repeatable levels by time:
     D:2: 1772 daAuts
     D:4: 1714 daAuts
     D:1: 1477 daAuts
     D:3: 1024 daAuts
     D:5: 93 daAuts
